 Dungeon Crawl Stone Soup version 0.29-a0-323-g050149af67 (webtiles) character file.

Game seed: 14797256540128109908

459 Dabor the Gusty (level 7, 0/50 HPs)
             Began as a Gnoll Wanderer on Apr 10, 2022.
             Succumbed to a water moccasin's poison
             ... on level 4 of the Dungeon.
             The game lasted 00:05:25 (4360 turns).

Dabor the Gusty (Gnoll Wanderer)                    Turns: 4360, Time: 00:05:26

Health: 0/50       AC: 13    Str: 15    XL:     7   Next: 6%
Magic:  1/12       EV:  9    Int: 13    God:
Gold:   118        SH:  0    Dex:  8    Spells: 10/13 levels left

rFire   . . .      SeeInvis .   y - +3 flail (protect)
rCold   . . .      Faith    .   (no shield)
rNeg    . . .      Spirit   .   b - +0 scale mail
rPois   .          Reflect  .   j - +0 helmet
rElec   .          Harm     .   (no cloak)
rCorr   .          Rampage  .   (no gloves)
Will    .....                   p - +0 pair of boots
Stlth   ..........              (no amulet)
HPRegen 0.16/turn               l - ring of wizardry
MPRegen 0.13/turn               k - +4 ring of protection

@: lethally poisoned (0 -> -8), on berserk cooldown, hasted and slowed
A: fangs 1, strong nose, distributed training
a: no special abilities


You were on level 4 of the Dungeon.
You visited 2 branches of the dungeon, and saw 7 of its levels.

You collected 352 gold pieces.
You spent 234 gold pieces at shops.

Inventory:

Hand Weapons
 y - a +3 flail of protection (weapon)
Missiles
 v - 6 curare-tipped darts
Armour
 b - a +0 scale mail (worn)
 j - a +0 helmet (worn)
 p - a +0 pair of boots (worn)
Magical Staves
 i - a staff of poison
Jewellery
 k - a +4 ring of protection (right hand)
 l - a ring of wizardry (left hand)
 u - a ring of protection from fire
Wands
 A - a wand of iceblast (4)
 D - a wand of charming (11)
Scrolls
 a - a scroll of holy word
 h - a scroll of fear
 m - a scroll of noise {unknown}
 n - a scroll of immolation {unknown}
 o - a scroll of enchant armour {unknown}
 q - a scroll of brand weapon {unknown}
 s - 2 scrolls of identify
 x - a scroll of summoning {unknown}
 z - a scroll of magic mapping {unknown}
Potions
 c - a potion of lignification
 d - 2 potions of might {unknown}
 e - a potion of haste
 f - a potion of invisibility {unknown}
 g - a potion of flight {unknown}
 r - a potion of mutation {unknown}
 t - 2 potions of curing {unknown}
 w - 2 potions of berserk rage
 B - a potion of cancellation {unknown}
 C - a potion of brilliance


   Skills:
 + Level 2.2 Fighting
 + Level 2.2 Short Blades
 + Level 2.2 Long Blades
 + Level 2.2 Axes
 + Level 6.9 Maces & Flails
 + Level 2.2 Polearms
 + Level 2.2 Staves
 + Level 2.2 Slings
 + Level 2.2 Bows
 + Level 2.2 Crossbows
 + Level 2.2 Throwing
 + Level 5.1 Armour
 + Level 2.2 Dodging
 + Level 2.2 Stealth
 + Level 2.2 Shields
 + Level 2.2 Unarmed Combat
 + Level 3.6 Spellcasting
 + Level 1.8 Conjurations
 + Level 1.8 Hexes
 + Level 1.8 Summonings
 + Level 1.8 Necromancy
 + Level 1.8 Translocations
 + Level 1.8 Transmutations
 + Level 1.8 Fire Magic
 + Level 1.8 Ice Magic
 + Level 7.3 Air Magic
 + Level 1.8 Earth Magic
 + Level 1.8 Poison Magic
 + Level 2.5 Invocations
 + Level 2.2 Evocations


You had 10 spell levels left.
You knew the following spells:

 Your Spells              Type           Power      Damage    Failure   Level
a - Shock                 Conj/Air       56%        1d6       4%          1
b - Static Discharge      Conj/Air       14%        N/A       7%          2

Your spell library contained the following spells:

 Spells                   Type           Power      Damage    Failure   Level
 Corpse Rot               Necr/Air       28%        N/A       7%          2
 Animate Skeleton         Necr           14%        N/A       16%         1
 Apportation              Tloc           14%        N/A       16%         1
 Magic Dart               Conj           28%        1d4       16%         1
 Summon Small Mammal      Summ           28%        N/A       16%         1
 Mephitic Cloud           Conj/Pois/Air  11%        N/A       21%         3
 Call Imp                 Summ           7%         N/A       22%         2
 Ignite Poison            Fire/Tmut/Pois 7%         N/A       38%         3
 Dispel Undead            Necr           7%         3d8       78%         4
 Freezing Cloud           Conj/Ice/Air   5%         6-21      86%         5
 Death Channel            Necr           3%         N/A       100%        6


Dungeon Overview and Level Annotations

Branches:
Dungeon (6/15)             Temple (1/1) D:5

Altars:
Ashenzari
Dithmenos
Elyvilon
Makhleb
Nemelex Xobeh
Okawaru
Qazlal
Sif Muna
Trog
Uskayaw
Vehumet
Wu Jian
Xom

Shops:
D:4 (   D:5 *


Innate Abilities, Weirdness & Mutations

You have very sharp teeth.
Your uncanny sense of smell can sniff out nearby items.
Your experience applies equally to all skills.


Message History

You are struck by an arc of lightning.
The lightning grounds out.
You feel sick.
The water moccasin bites you but does no damage.
Casting: Static Discharge (safe; 8% risk of failure)
Confirm with . or Enter, or press ? or * to list all spells.
The water moccasin is struck by an arc of lightning.
The water moccasin is severely wounded.
You are struck by an arc of lightning.
The lightning grounds out.
You feel sick.
The water moccasin bites you but does no damage.
The water moccasin bites you.
* * * LOW HITPOINT WARNING * * *
You are lethally poisoned!
The water moccasin poisons you!
It was a potion of berserk rage.
A red film seems to cover your vision as you go berserk!
You feel yourself moving faster!
You feel mighty!
* * * LOW HITPOINT WARNING * * *
You feel very sick. The water moccasin barely misses you.
You bludgeon the water moccasin!!
Your weapon exudes an aura of protection.
You kill the water moccasin!
* * * LOW HITPOINT WARNING * * *
You feel sick.
You have reached level 7!
* * * LOW HITPOINT WARNING * * *
You feel very sick.
You feel a strong urge to attack something.
* * * LOW HITPOINT WARNING * * *
You feel sick.
* * * LOW HITPOINT WARNING * * *
You feel sick.
You feel your anger nearly subside.
You are no longer berserk.
You are exhausted.
You feel yourself slow down.
* * * LOW HITPOINT WARNING * * *
You feel sick.
It was a potion of haste.
You feel yourself speed up.
You die...

..#
#######....>.......##
..#
####.......####.........
..#### .....#####.#
##.####..## .......
......†.##.###...###..#
#.#####
#.##........##..# #.#
#.######....##..## #.#
#.# ##.#.##<... #.# #.#
#.#.##.##. #.#
#@#######.#.....). ..#
#......##.######.. ..#
######.##.<....... ..#
#.#########.. ..# #.#
#.. ..# #.# #.. ..# #.#
#.. ..# ######### #.#
#.. .## ###.......###.#
...


There were no monsters in sight!

Vanquished Creatures
  A water moccasin (D:4)
  An ogre (D:4)
  3 hounds
  An orc priest (D:3)
  3 adders (D:2)
  3 gnolls (D:2)
  A white imp (D:5)
  An ufetubus (D:4)
  4 worms (D:2)
  4 dart slugs
  5 orcs
  3 endoplasms
  3 goblins
  6 hobgoblins
  3 jackals (D:1)
  9 kobolds
  3 quokkas
  A ball python (D:3)
  3 bats (D:2)
  A frilled lizard (D:3)
  2 rats (D:1)
61 creatures vanquished.

Notes
Turn   | Place    | Note
-------+----------+-------------------------------------------
     0 | D:1      | Dabor the Gnoll Wanderer began the quest for the Orb.
     0 | D:1      | Dabor set off with the following items: a +0 mace, a +0
                  | scale mail, a potion of lignification; and the following
                  | spell memorised: Shock; and the following spells available
                  | to memorise: Static Discharge, Mephitic Cloud
     0 | D:1      | Reached XP level 1. HP: 13/13 MP: 4/4
   347 | D:1      | Reached XP level 2. HP: 19/19 MP: 0/5
   681 | D:2      | Reached XP level 3. HP: 7/25 MP: 2/7
   907 | D:2      | Reached skill level 1 in Invocations
  1126 | D:2      | Reached skill level 1 in Fighting
  1126 | D:2      | Reached skill level 1 in Short Blades
  1126 | D:2      | Reached skill level 1 in Long Blades
  1126 | D:2      | Reached skill level 1 in Axes
  1126 | D:2      | Reached skill level 1 in Polearms
  1126 | D:2      | Reached skill level 1 in Staves
  1126 | D:2      | Reached skill level 1 in Slings
  1126 | D:2      | Reached skill level 1 in Bows
  1126 | D:2      | Reached skill level 1 in Crossbows
  1126 | D:2      | Reached skill level 1 in Throwing
  1126 | D:2      | Reached skill level 1 in Dodging
  1126 | D:2      | Reached skill level 1 in Stealth
  1126 | D:2      | Reached skill level 1 in Shields
  1126 | D:2      | Reached skill level 1 in Unarmed Combat
  1126 | D:2      | Reached skill level 1 in Evocations
  1258 | D:2      | Learned a level 2 spell: Static Discharge
  1355 | D:2      | Reached XP level 4. HP: 29/32 MP: 1/8
  1774 | D:2      | Reached skill level 1 in Conjurations
  1774 | D:2      | Reached skill level 1 in Hexes
  1774 | D:2      | Reached skill level 1 in Summonings
  1774 | D:2      | Reached skill level 1 in Necromancy
  1774 | D:2      | Reached skill level 1 in Translocations
  1774 | D:2      | Reached skill level 1 in Transmutations
  1774 | D:2      | Reached skill level 1 in Fire Magic
  1774 | D:2      | Reached skill level 1 in Ice Magic
  1774 | D:2      | Reached skill level 1 in Earth Magic
  1774 | D:2      | Reached skill level 1 in Poison Magic
  2243 | D:3      | Found an ornate altar of the Wu Jian Council.
  2288 | D:3      | Reached XP level 5. HP: 35/37 MP: 9/9
  2697 | D:3      | Found a stormy altar of Qazlal.
  3492 | D:4      | You fall into a shaft and drop 2 floors!
  3492 | D:6      | Noticed a sky beast
  3492 | D:6      | Found a broken altar of Ashenzari.
  3544 | D:5      | Entered Level 5 of the Dungeon
  3558 | D:5      | Found Coiperul's General Store.
  3572 | D:5      | Bought a wand of iceblast (4) for 96 gold pieces
  3572 | D:5      | Bought a scroll of enchant weapon for 90 gold pieces
  3572 | D:5      | Bought a potion of brilliance for 48 gold pieces
  3628 | D:5      | Found a staircase to the Ecumenical Temple.
  3707 | Temple   | Entered the Ecumenical Temple
  4028 | D:5      | Reached XP level 6. HP: 43/44 MP: 4/10
  4146 | D:4      | Reached skill level 5 in Armour
  4235 | D:4      | Found Pupripn's Weapon Emporium.
  4343 | D:4      | Noticed a water moccasin
  4355 | D:4      | Killed a water moccasin
  4356 | D:4      | Reached XP level 7. HP: 13/50 MP: 1/12
  4360 | D:4      | Succumbed to a water moccasin's poison

Illustrated notes

Levels and vault maps discovered:
D:1:      saegor_arrival_simple_b, layout_basic
D:2:      layout_loops_ring, hangedman_decor_points, st_stairs_4
D:3:      layout_loops_ring, nicolae_qazlal_general_emergency,
          mainiacjoe_overflow_alcove_2
D:4:      layout_loops_ring, lemuel_mausoleum_altar_yredelemnul, serial_shops,
          shop, minmay_mini_ossuary
D:5:      layout_cave_pods, mainiacjoe_overflow_boulevard, fedhas_altar_3,
          minmay_temple_entry_trees, serial_shops, shop
D:6:      minmay_flawed_box, layout_basic, mainiacjoe_overflow_small_starburst,
          ashenzari_altar_1, uniq_edmund, uniq_pikel
Temple:   dpeg_chambers_temple

Skill      XL: |  1  2  3  4  5  6 |
---------------+-------------------+-----
Invocations    | 1 2 |  2.5
Fighting       | 1 2 |  2.2
Short Blades   | 1 2 |  2.2
Long Blades    | 1 2 |  2.2
Axes           | 1 2 |  2.2
Polearms       | 1 2 |  2.2
Staves         | 1 2 |  2.2
Slings         | 1 2 |  2.2
Bows           | 1 2 |  2.2
Crossbows      | 1 2 |  2.2
Throwing       | 1 2 |  2.2
Dodging        | 1 2 |  2.2
Stealth        | 1 2 |  2.2
Shields        | 1 2 |  2.2
Unarmed Combat | 1 2 |  2.2
Evocations     | 1 2 |  2.2
Spellcasting   | 3 |  3.6
Conjurations   | 1 |  1.8
Hexes          | 1 |  1.8
Summonings     | 1 |  1.8
Necromancy     | 1 |  1.8
Translocations | 1 |  1.8
Transmutations | 1 |  1.8
Fire Magic     | 1 |  1.8
Ice Magic      | 1 |  1.8
Earth Magic    | 1 |  1.8
Poison Magic   | 1 |  1.8
Armour         | 5 |  5.1
Maces & Flails | |  6.9
Air Magic      | |  7.3

Action                   |  1- 3 |  4- 6 |  7- 9 || total
-------------------------+-------+-------+-------++-------
Melee: Mace              |    17 |    31 |       ||    48
       Flail             |       |    24 |       ||    24
       Bite              |       |     2 |       ||     2
       Punch             |       |     1 |       ||     1
 Cast: Shock             |    42 |    87 |       ||   129
       Static Discharge  |       |     5 |       ||     5
  Use: Scroll            |       |     4 |       ||     4
       Potion            |       |     1 |     1 ||     2
Armor: Scale mail        |    13 |    40 |       ||    53
Dodge: Dodged            |    12 |    49 |       ||    61

Table legend: (Time is in decaauts)
 A = Elapsed time spent in this place.
 B = Non-inter-level travel time spent in this place.
 C = Inter-level travel time spent in this place.
 D = Time resting spent in this place.
 E = Time spent auto-exploring this place.
 F = Levels seen in this place.
 G = Mean time per level.
                   A        B        C        D        E       F      G
               +--------+--------+--------+--------+--------+-----+--------+
         Total |   4362 |   4123 |    239 |    252 |   3320 |   7 |  623.1 |
       Dungeon |   4125 |   3911 |    214 |    252 |   3116 |   6 |  687.5 |
        Temple |    236 |    212 |     24 |      0 |    204 |   1 |  236.0 |
               +--------+--------+--------+--------+--------+-----+--------+

Top non-repeatable levels by time:
     D:2: 1336 daAuts
     D:3: 897 daAuts
     D:1: 867 daAuts
     D:4: 704 daAuts
     D:5: 269 daAuts
  Temple: 236 daAuts
     D:6: 50 daAuts
